 Dungeon Crawl Stone Soup version 0.25.0-62-ga5774d7 (webtiles) character file.

22165 Illumine the Cleaver (level 12, -15/108 HPs)
             Began as a Minotaur Fighter on June 30, 2020.
             Was a High Priest of Okawaru.
             Killed from afar by an ice dragon (42 damage)
             ... with a blast of cold
             ... on level 3 of the Dungeon on July 1, 2020.
             The game lasted 00:08:58 (2854 turns).

Illumine the Cleaver (Minotaur Fighter)             Turns: 2854, Time: 00:08:58

Health: -15/108    AC: 21    Str: 26    XL:     12   Next: 60%
Magic:  15/16      EV: 14    Int:  7    God:    Okawaru [*****.]
Gold:   63         SH: 19    Dex: 10    Spells: 11/11 levels left

rFire    + . .     SeeInvis +   a - +0 war axe
rCold    . . .     Gourm    .   c - +0 shield
rNeg     . . .     Faith    .   L - +6 chain mail of the Curious Dances {rF+ Int+2 SInv}
rPois    .         Spirit   .   (helmet restricted)
rElec    .         Reflect  +   G - +0 cloak {MR+}
rCorr    .         Harm     .   (no gloves)
MR       +....                  (no boots)
Stlth    ..........             o - +5 amulet of reflection
HPRegen  0.28/turn              (no ring)
MPRegen  0.15/turn              (no ring)

@: heroism
A: retaliatory headbutt, horns 2
a: Heroism, Finesse, Renounce Religion


You were on level 3 of the Dungeon.
You worshipped Okawaru.
Okawaru was extremely pleased with you.
You were not hungry.

You visited 3 branches of the dungeon, and saw 5 of its levels.

You collected 357 gold pieces.
You spent 294 gold pieces at shops.

Inventory:

Hand Weapons
 a - a +0 war axe (weapon)
 g - a +0 hunting sling
 m - the +2 hand crossbow "Plog" {elec, rC+ MR+}
   (Okawaru gifted it to you on level 3 of the Dungeon)

   It charges the ammunition it shoots with electricity; occasionally upon a
   hit, such missiles may discharge and cause terrible harm.
   It protects you from cold.
   It affects your resistance to hostile enchantments.
 I - a +0 mace of holy wrath
Missiles
 k - 147 stones (quivered)
Armour
 c - a +0 shield (worn)
 G - a +0 cloak of magic resistance (worn)
 L - the +6 chain mail of the Curious Dances (worn) {rF+ Int+2 SInv}
   (You bought it in a shop in the Orcish Mines)

   It affects your intelligence (+2).
   It protects you from fire.
   It lets you see invisible.
Jewellery
 e - an uncursed ring of fire
 o - a +5 amulet of reflection (around neck)
 v - an uncursed ring of fire
Wands
 h - a wand of paralysis (9)
 z - a wand of digging (3)
 M - a wand of random effects (31)
Scrolls
 l - 2 scrolls of enchant armour {unknown}
 p - 3 scrolls of magic mapping
 q - a scroll of immolation {unknown}
 r - a scroll of enchant weapon {unknown}
 s - 2 scrolls of amnesia
 u - 2 scrolls of teleportation {unknown}
 x - a scroll of random uselessness {unknown}
 y - 2 scrolls of remove curse
 E - a scroll of fog {unknown}
 F - 2 scrolls of blinking {unknown}
Potions
 d - a potion of might
 i - 4 potions of flight
 j - a potion of agility
 n - 3 potions of heal wounds
 t - a potion of brilliance {unknown}
 w - a potion of ambrosia {unknown}
 B - a potion of haste
 C - a potion of resistance {unknown}
 D - a potion of lignification {unknown}
 H - a potion of curing
 J - a potion of invisibility {unknown}
Comestibles
 b - 4 chunks of flesh
 f - 17 rations


   Skills:
 + Level 10.7(15.7) Fighting
 + Level 13.4(18.4) Axes
 + Level 0.9(5.9) Crossbows
 + Level 10.8(15.8) Armour
 + Level 7.9(12.9) Dodging
 + Level 10.8(15.8) Shields
 + Level 7.5 Invocations


You had 11 spell levels left.
You didn't know any spells.
Your spell library contained the following spells:

 Spells                   Type           Power        Failure   Level  Hunger
 Corona                   Hex            #......      86%         1    ##.....
 Magic Dart               Conj           #...         86%         1    ##.....
 Sandblast                Erth           #.....       86%         1    ##.....
 Shock                    Conj/Air       #...         86%         1    ##.....
 Blink                    Tloc           N/A          95%         2    ###....
 Call Imp                 Summ           #.......     95%         2    ###....
 Corpse Rot               Necr           N/A          95%         2    ###....
 Ensorcelled Hibernation  Hex/Ice        #.....       95%         2    ###....
 Passwall                 Tmut/Erth      #.......     95%         2    ###....
 Slow                     Hex            #.......     95%         2    ###....
 Swiftness                Chrm/Air       #.......     95%         2    ###....
 Confuse                  Hex            #.......     99%         3    ####...
 Conjure Flame            Conj/Fire      #.......     99%         3    ####...
 Dazzling Spray           Conj/Hex       #.....       99%         3    ####...
 Mephitic Cloud           Conj/Pois/Air  #.......     99%         3    ####...
 Static Discharge         Conj/Air       #.......     99%         3    ####...
 Stone Arrow              Conj/Erth      #.....       99%         3    ####...
 Tukima's Dance           Hex            #.......     99%         3    ####...
 Airstrike                Air            #.........   100%        4    #####..
 Leda's Liquefaction      Hex/Erth       #.........   100%        4    #####..
 Petrify                  Tmut/Erth      #.......     100%        4    #####..
 Lee's Rapid Deconstruct  Erth           #.........   100%        5    ######.
 Lightning Bolt           Conj/Air       #.........   100%        5    ######.
 Summon Forest            Summ/Tloc      #.........   100%        5    ######.
 Hydra Form               Tmut           #.........   100%        6    #######
 Summon Hydra             Summ           #.........   100%        7    #######


Dungeon Overview and Level Annotations

Branches:
Dungeon (3/3)              Temple (1/1) D:1           Swamp (0/1) D:2
    Orc (1/1) D:2
  Snake: D:2-3       Spider: D:2-3        Slime: D:2-3          Elf: Orc:1
 Vaults: D:2-3       Depths: D:3

Altars:
Ashenzari
Dithmenos
Elyvilon
Fedhas
Gozag
Hepliaklqana
Kikubaaqudgha
Makhleb
Nemelex Xobeh
Okawaru
Qazlal
Sif Muna
Trog
Uskayaw
Vehumet
Xom
Yredelemnul
Zin
The Shining One

Shops:
Orc [(

Annotations:
D:1 2 transporters


Innate Abilities, Weirdness & Mutations

You reflexively headbutt those who attack you in melee.
You have a pair of horns on your head.


Message History

* * * LOW HITPOINT WARNING * * *
You feel much better. You block the ice dragon's attack.
The ice dragon claws you but does no damage.
You block the ice dragon's attack.
You barely miss the ice dragon.
The ice dragon is moderately wounded.
You slash the yaktaur captain!
The yaktaur captain hits you but does no damage.
You closely miss the ice dragon. Your headbutt misses the ice dragon.
The ice dragon is moderately wounded.
You barely miss the yaktaur captain. You block the ice dragon's attack.
The ice dragon completely misses you. The ice dragon tramples you!
* * * LOW HITPOINT WARNING * * *
You stumble backwards!
Unknown command.
You barely miss the ice dragon. You headbutt the ice dragon!
The ice dragon is moderately wounded.
The ice dragon breathes frost at you. The blast of cold hits you!
You die...

#.# ##### #.# ##..( #.#
##..c# ##.# ## ##..8D##
##... ...#.....@# ###
##.... #.......#
#.###..... ##......#
#.##...).. ###.#(#.####
#.##....<. ..###.....#
#(##......
###.#.#.##.####.###.....
#.##.##......# ##..).
#.#...#<.#...#####...
#............#......#


You could see an ice dragon and a yaktaur captain.

Vanquished Creatures
  A hydra (D:2)
  An ogre mage (D:3)
  A skeletal warrior (D:3)
  A swamp dragon (shapeshifter) (D:3)
  A gargoyle (D:2)
  A troll (Orc)
  A slime creature (D:3)
  A hippogriff (D:2)
  A wyvern (D:3)
  A vampire mosquito (D:3)
  2 orc warriors (D:2)
  A black bear (D:2)
  A sky beast (D:2)
  A phantom (D:1)
  A centaur (D:2)
  A crocodile (D:2)
  2 bullfrogs (D:2)
  A howler monkey (D:2)
  A crimson imp (D:2)
  An orc priest (D:2)
  2 iguanas (D:2)
  3 orc wizards
  A worker ant (D:1)
  An adder (D:2)
  A leopard gecko (D:1)
  7 orcs
  A quokka (D:1)
38 creatures vanquished.

Notes
Turn   | Place    | Note
-------+----------+-------------------------------------------
     0 | D:1      | Illumine the Minotaur Fighter began the quest for the Orb.
     0 | D:1      | Reached XP level 1. HP: 19/19 MP: 0/0
     9 | D:1      | Noticed an orc wizard
     9 | D:1      | Noticed an orc wizard
    13 | D:1      | Killed an orc wizard
    13 | D:1      | Reached skill level 4 in Axes
    13 | D:1      | Reached XP level 2. HP: 27/28 MP: 1/1
    13 | D:1      | Reached XP level 3. HP: 33/34 MP: 2/2
    13 | D:1      | Reached XP level 4. HP: 40/41 MP: 3/3
    16 | D:1      | Reached skill level 5 in Axes
    16 | D:1      | Reached XP level 5. HP: 36/47 MP: 4/4
    16 | D:1      | Reached XP level 6. HP: 43/55 MP: 5/5
    91 | D:1      | Found a transporter.
    91 | D:1      | Found a transporter.
   103 | D:1      | Noticed an ettin
   109 | D:1      | Noticed a swamp dragon
   112 | D:1      | Found a shattered altar of Ashenzari.
   114 | D:1      | Noticed an eye of devastation
   114 | D:1      | a swamp dragon changed into an eye of devastation
   117 | D:1      | Noticed a dream sheep
   120 | D:1      | Noticed a two-headed ogre
   120 | D:1      | a dream sheep changed into a two-headed ogre
   122 | D:1      | Noticed a dream sheep
   122 | D:1      | a two-headed ogre changed into a dream sheep
   201 | D:1      | Noticed an orb spider
   202 | D:1      | Noticed a fire crab
   202 | D:1      | an orb spider changed into a fire crab
   203 | D:1      | Noticed a spiny frog
   203 | D:1      | a fire crab changed into a spiny frog
   225 | D:1      | Found a blossoming altar of Fedhas.
   225 | D:1      | Found an opulent altar of Gozag.
   313 | D:1      | Found a bloodstained altar of Trog.
   323 | D:1      | Reached skill level 5 in Armour
   323 | D:1      | Reached skill level 5 in Shields
   342 | D:1      | Found a staircase to the Ecumenical Temple.
   356 | D:1      | Reached skill level 5 in Fighting
   359 | Temple   | Entered the Ecumenical Temple
   363 | Temple   | Became a worshipper of Warmaster Okawaru
   452 | D:1      | Found a stormy altar of Qazlal.
   454 | D:1      | Found a deep blue altar of Sif Muna.
   456 | D:1      | Found a hazy altar of Hepliaklqana.
   456 | D:1      | Found a white marble altar of Elyvilon.
   511 | D:1      | Noticed a storm dragon
   512 | D:1      | a storm dragon changed into something unseen
   559 | D:1      | Reached skill level 7 in Axes
   559 | D:1      | Reached XP level 7. HP: 60/62 MP: 6/6
   584 | D:1      | Found a shadowy altar of Dithmenos.
   806 | D:1      | Found a basalt altar of Yredelemnul.
   925 | D:1      | Noticed an iron giant
   925 | D:1      | Noticed a golden dragon
   925 | D:1      | an iron giant changed into a golden dragon
   926 | D:1      | Noticed an iron giant
   926 | D:1      | a golden dragon changed into an iron giant
   932 | D:1      | Noticed a caustic shrike
   932 | D:1      | an iron giant changed into a caustic shrike
   942 | D:2      | Reached * piety under Okawaru
   942 | D:2      | Reached ** piety under Okawaru
   942 | D:2      | Reached skill level 1 in Invocations
   942 | D:2      | Reached XP level 8. HP: 71/71 MP: 6/8
   952 | D:2      | Reached skill level 8 in Axes
   952 | D:2      | Reached skill level 1 in Dodging
   976 | D:2      | Noticed a hippogriff
   991 | D:2      | Killed a hippogriff
   991 | D:2      | Reached skill level 9 in Axes
   991 | D:2      | Reached XP level 9. HP: 63/79 MP: 8/10
  1061 | D:2      | Found a staircase to the Orcish Mines.
  1105 | D:2      | Noticed a gargoyle
  1138 | D:2      | Killed a gargoyle
  1138 | D:2      | Reached *** piety under Okawaru
  1138 | D:2      | Reached **** piety under Okawaru
  1138 | D:2      | Reached skill level 10 in Axes
  1138 | D:2      | Reached XP level 10. HP: 75/88 MP: 9/12
  1364 | D:2      | Reached skill level 11 in Axes
  1366 | D:2      | Reached skill level 5 in Invocations
  1369 | D:2      | Noticed a four-headed hydra
  1466 | D:2      | Killed a four-headed hydra
  1466 | D:2      | Reached ***** piety under Okawaru
  1466 | D:2      | Received a gift from Okawaru
  1466 | D:2      | Reached skill level 5 in Dodging
  1466 | D:2      | Reached XP level 11. HP: 47/97 MP: 11/14
  1705 | D:2      | Found a staircase to the Swamp.
  1980 | D:1      | Noticed an iron troll
  1980 | D:1      | Noticed an alligator snapping turtle
  1980 | D:1      | an iron troll changed into an alligator snapping turtle
  1986 | D:1      | Noticed an azure jelly
  1986 | D:1      | an alligator snapping turtle changed into an azure jelly
  2015 | Orc      | Entered the Orcish Mines
  2015 | Orc      | Found Jozapoga's Antique Armour Shop.
  2024 | D:2      | Reached skill level 12 in Axes
  2098 | Orc      | Noticed an orc high priest
  2098 | Orc      | Noticed an orc knight
  2099 | Orc      | Found Daetih's Antique Weapon Shoppe.
  2100 | Orc      | Bought a faintly glowing chain mail for 294 gold pieces
  2102 | Orc      | Noticed an orc sorcerer
  2326 | D:3      | Entered Level 3 of the Dungeon
  2326 | D:3      | Noticed a skeletal warrior
  2337 | D:3      | Killed a skeletal warrior
  2356 | D:3      | Noticed a swamp dragon
  2356 | D:3      | a wind drake changed into a swamp dragon
  2362 | D:3      | Killed a swamp dragon
  2362 | D:3      | Reached skill level 10 in Fighting
  2362 | D:3      | Reached skill level 13 in Axes
  2362 | D:3      | Reached skill level 10 in Armour
  2362 | D:3      | Reached skill level 10 in Shields
  2362 | D:3      | Reached XP level 12. HP: 27/106 MP: 14/16
  2624 | D:3      | Noticed an ogre mage
  2630 | D:2      | Identified the +6 chain mail of the Curious Dances {rF+
                  | Int+2 SInv} (You bought it in a shop in the Orcish Mines)
  2649 | D:3      | Killed an ogre mage
  2805 | D:3      | Received a gift from Okawaru
  2806 | D:3      | Got a brightly glowing hand crossbow {god gift}
  2807 | D:3      | Identified the +2 hand crossbow "Plog" {elec, rC+ MR+}
                  | (Okawaru gifted it to you on level 3 of the Dungeon)
  2836 | D:3      | Noticed a yaktaur captain
  2841 | D:3      | Noticed an ice dragon
  2841 | D:3      | Noticed an ice dragon
  2854 | D:3      | Killed from afar by an ice dragon

Skill      XL: |  1  2  3  4  5  6  7  8  9 10 11 12 |
---------------+-------------------------------------+-----
Fighting       | 4 5 6 7 8 9 10 | 10.7
Axes           | 4 5 7 9 10 11 13 | 13.4
Armour         | 4 5 6 7 8 9 10 | 10.8
Shields        | 4 5 6 7 8 9 10 | 10.8
Invocations    | 1 3 4 5 6 7 |  7.5
Dodging        | 3 4 5 7 |  7.9
Crossbows      | |  0.9

Action                   |  1- 3 |  4- 6 |  7- 9 | 10-12 || total
-------------------------+-------+-------+-------+-------++-------
Melee: War axe           |     4 |    35 |    31 |    97 ||   167
       Headbutt          |     1 |     5 |     8 |    21 ||    35
       Mace              |       |       |       |    10 ||    10
Invok: Heroism           |       |       |     1 |     2 ||     3
  Use: Scroll            |       |     3 |       |     8 ||    11
       Potion            |       |       |       |     2 ||     2
  Eat: Ration            |       |       |       |     1 ||     1
       Chunk             |       |       |       |     3 ||     3
Armor: Scale mail        |     1 |     2 |       |       ||     3
       Plate armour      |       |    17 |    19 |    40 ||    76
       Chain mail        |       |       |       |     8 ||     8
Dodge: Dodged            |     2 |     1 |     9 |    28 ||    40
Block: Shield            |       |    17 |    17 |    83 ||   117
       Reflection        |       |       |       |     1 ||     1
